Map: [ESL] Goldenaura

Players

Spirit

  • Race: Terran Terran
  • Spawn Location: 5:00

Dark - Winner!

  • Race: Zerg Zerg
  • Spawn Location: 12:00

Event: ESL SC2 Masters 2023 Winter (Finals)

VOD

Have the link to the VOD?

Description

Time

  • Played on: Dec. 15, 2023, 3:08 p.m.
  • Length: 16:52

All games in this series

Show
View Real Time Build Order
Export as new Build Order

Spirit Terran 

Build Orders: Command Center First, Hellion Banshee 

Get SALT Encoding   

  12  0:00  SCV  
  13  0:12  SCV  
  14  0:17  Supply Depot  
  14  0:24  SCV  
  15  0:38  SCV  
  16  0:51  SCV  
  17  1:00  Command Center  
  17  1:05  SCV  
  18  1:15  Barracks  
  18  1:19  SCV  
  18  1:24  Refinery  
  19  1:31  SCV  
  20  1:34  Refinery  
  20  1:43  SCV  
  21  1:55  SCV  
  22  2:03  Reaper  
  22  2:07  Orbital Command  
  23  2:13  Orbital Command  
  23  2:23  Factory  
  23  2:28  Supply Depot  
  23  2:33  SCV  
  23  2:36  Barracks Reactor  
  24  2:38  SCV  
  25  2:45  SCV  
  25  2:50  SCV  
  27  2:57  SCV  
  28  3:01  Command Center  
  28  3:04  SCV  
  29  3:09  SCV  
  29  3:10  Starport  
  30  3:16  SCV  
  30  3:19  Hellion  
  33  3:21  SCV  
  33  3:22  Hellion  
  33  3:24  Barracks Tech Lab  
  36  3:30  SCV  
  36  3:33  SCV, Supply Depot  
  38  3:42  SCV  
  38  3:45  Hellion x2, SCV  
  44  3:54  Banshee, SCV  
  48  3:57  Cloaking Field  
  48  3:58  Barracks Tech Lab  
  48  4:03  SCV  
  48  4:06  SCV  
  48  4:08  Hellion x2  
  54  4:14  Orbital Command  
  54  4:15  SCV  
  54  4:16  Stimpack  
  54  4:17  Marine  
  55  4:18  SCV  
  57  4:27  Supply Depot, SCV  
  57  4:30  SCV  
  59  4:37  Banshee  
  62  4:39  Orbital Command, SCV  
  62  4:41  Barracks  
  62  4:42  SCV, Refinery  
  62  4:44  Barracks, Refinery  
  64  4:46  Factory Reactor  
  64  4:51  SCV  
  64  4:52  Supply Depot  
  65  4:54  SCV  
  65  4:59  Engineering Bay x2  
  66  5:03  SCV  
  66  5:06  SCV  
  68  5:09  SCV  
  67  5:15  Barracks, SCV  
  67  5:17  Barracks  
  67  5:18  Marine, SCV, Supply Depot  
  71  5:21  SCV  
  71  5:27  Starport Reactor, Terran Infantry Weapons Level 1, Supply Depot  
  71  5:28  SCV  
  72  5:29  Terran Infantry Armor Level 1  
  72  5:30  SCV  
  72  5:33  SCV  
  77  5:35  Siege Tank  
  77  5:40  SCV  
  77  5:42  SCV  
  79  5:43  Marine  
  79  5:44  Marine  
  79  5:45  SCV  
  79  5:46  Marine  
  79  5:47  Marine x2  
  85  5:52  SCV  
  85  5:53  Supply Depot  
  86  5:57  SCV  
  86  5:59  Combat Shield  
  86  6:01  Marine x2, SCV  
  90  6:04  Marine x2  
  90  6:06  Barracks Reactor x2  
  90  6:07  Barracks Tech Lab, Marine  
  90  6:08  SCV  
  90  6:09  SCV  
  95  6:13  SCV  
  95  6:16  Supply Depot  
  96  6:19  Siege Tank, Marine x2  
  96  6:20  Medivac  
  96  6:21  SCV x2  
  96  6:22  Marine x2, Medivac  
  109  6:30  Supply Depot, Refinery  
  109  6:32  Refinery  
  109  6:33  Bunker  
  109  6:38  Concussive Shells, Marine x4, SCV  
  114  6:40  Marine x2  
  114  6:41  Armory  
  116  6:47  Command Center  
  116  6:50  Marine  
  116  6:51  Marine  
  116  6:53  Factory  
  116  6:56  Marine x3  
  116  6:57  Medivac  
  116  6:58  Marine  
  122  7:02  Marine  
  122  7:08  Marine  
  124  7:09  Supply Depot  
  124  7:10  SCV  
  125  7:22  Barracks  
  125  7:23  Barracks, Supply Depot  
  125  7:25  Barracks  
  125  7:28  Terran Infantry Weapons Level 2  
  125  7:30  Marine x2  
  125  7:31  Siege Tank, SCV x3  
  125  7:33  Supply Depot  
  125  7:35  Terran Infantry Armor Level 2  
  133  7:37  Factory Tech Lab  
  133  7:40  Marine x2  
  133  7:43  SCV x2  
  133  7:45  SCV  
  134  7:57  SCV  
  128  7:58  Siege Tank  
  128  8:01  Terran Vehicle Weapons Level 1  
  128  8:02  SCV  
  128  8:03  Siege Tank, Command Center  
  135  8:06  Viking  
  135  8:09  Viking  
  135  8:11  Barracks Tech Lab x2  
  139  8:14  Ghost Academy  
  139  8:15  Barracks Tech Lab  
  139  8:20  SCV  
  139  8:21  Supply Depot  
  139  8:22  SCV  
  139  8:23  Supply Depot  
  139  8:24  Planetary Fortress  
  141  8:30  Siege Tank  
  143  8:35  SCV x2  
  143  8:36  Marauder, Marine, Refinery  
  143  8:37  Marauder x2, Refinery  
  143  8:38  Sensor Tower  
  152  8:44  Marauder x2  
  152  8:46  Viking  
  157  8:49  Viking  
  159  8:56  Siege Tank, Command Center  
  162  9:05  Siege Tank  
  162  9:06  Marauder  
  162  9:07  Missile Turret  
  162  9:13  Sensor Tower, Marauder, Marine  
  165  9:20  Command Center  
  165  9:22  Medivac  
  167  9:25  Marine  
  167  9:26  Marauder  
  167  9:28  Siege Tank, Ghost  
  175  9:34  Orbital Command, Personal Cloaking, Missile Turret  
  175  9:39  Marine  
  157  9:49  Marine  
  157  9:50  Marauder, Marine  
  147  10:07  Marine x2  
  147  10:08  Siege Tank, Medivac  
  147  10:11  Planetary Fortress, Refinery  
  147  10:13  Orbital Command  
  154  10:31  Siege Tank, SCV x2, Marine x4  
  154  10:32  Marauder x3  
  154  10:35  Bunker  
  169  10:42  Sensor Tower x2  
  169  10:43  Missile Turret  
  169  10:49  Supply Depot x2  
  169  10:54  SCV  
  169  10:56  Terran Infantry Weapons Level 3  
  169  11:02  Refinery x2  
  169  11:07  Marine  
  169  11:08  Marine  
  169  11:09  SCV  
  169  11:10  Siege Tank x2, SCV x3, Marine x3  
  169  11:11  Marauder x2, Marine x2  
  185  11:23  Ghost  
  185  11:24  Ghost, Medivac x2  
  185  11:25  Marauder  
  181  11:26  Marine  
  181  11:28  Marine  
  181  11:32  Command Center  
  172  11:34  Supply Depot  
  172  11:35  Supply Depot  
  172  11:36  Orbital Command, Ghost  
  172  11:37  Marauder  
  176  11:43  Supply Depot  
  176  11:46  Marauder  
  178  11:50  Supply Depot x2  
  178  11:55  Ghost x2  
  178  11:56  Siege Tank  
  178  11:57  Liberator x2, Sensor Tower  
  191  12:05  Marine  
  191  12:06  Marauder  
  194  12:08  Marine  
  194  12:09  Marauder  
  194  12:12  Marauder, Marine  
  199  12:20  Siege Tank  
  199  12:21  Marine  
  199  12:22  Marine x2  
  195  12:23  Marine  
  195  12:24  SCV x2  
  195  12:25  SCV x2, Marauder  
  195  12:26  Marine  
  195  12:27  Marine  
  178  12:30  Marine x2  
  178  12:31  Orbital Command, Siege Tank  
  178  12:33  Marine  
  176  12:39  Marine  
  176  12:40  Liberator, Medivac, SCV x2  
  176  12:43  Marine  
  181  12:45  Marine, Marauder  
  181  12:46  Marauder  
  181  12:48  Marauder  
  188  12:51  Marine  
  188  12:52  Marine, Marauder  
  192  12:58  Sensor Tower  
  192  13:04  Siege Tank  
  195  13:06  Marine, Marauder  
  195  13:07  Marauder  
  195  13:11  Marine  
  200  13:43  Marine  
  200  13:46  Marine  
  200  13:47  Marine x4, Marauder  
  200  13:48  Siege Tank, Marine, Marauder  
  200  14:01  Marine  
  200  14:02  Medivac x2  
  186  14:04  Marine  
  186  14:14  Orbital Command  
  181  14:19  Marine  
  181  14:20  Marine x7  
  181  14:21  Siege Tank  
  181  14:22  Marine  
  142  14:32  Medivac x2  
  151  14:48  Planetary Fortress  
  151  14:54  Siege Tank  
  151  14:57  Marine  
  151  14:58  Marauder  
  138  15:01  SCV x3  
  138  15:02  Marauder, Medivac, Marine  
  140  15:11  Marauder  
  140  15:13  SCV x3  
  143  15:24  SCV  
  143  15:25  SCV x3  
  143  15:27  Siege Tank  
  148  15:29  Marauder, Ghost Academy  
  148  15:35  Factory Tech Lab  
  148  15:36  SCV  
  148  15:37  SCV x3  
  148  15:39  Marauder  
  154  15:44  Marauder, Marine  
  154  15:45  Refinery x2  
  154  15:48  SCV  
  154  15:49  SCV  
  159  15:52  Marauder  
  159  15:55  Marauder  
  143  15:57  Siege Tank, Marine  
  143  15:59  Siege Tank  
  143  16:00  Marauder, Marine  
  143  16:03  Marine  
  101  16:06  Marauder  
  101  16:08  Marine  
  85  16:13  Medivac  
  87  16:18  Medivac  
  87  16:22  Marine  
  87  16:25  Marine  
  91  16:27  Marine  
  91  16:31  Marine  
Show
View Real Time Build Order
Export as new Build Order

Dark Zerg - Winner!

Build Orders: Hatch First 

Get SALT Encoding   

  12  0:00  Drone  
  13  0:12  Overlord  
  13  0:17  Drone  
  14  0:30  Drone  
  14  0:31  Drone  
  16  0:48  Hatchery  
  15  0:52  Drone  
  15  0:54  Drone  
  17  1:00  Drone  
  18  1:14  Spawning Pool  
  18  1:15  Drone  
  19  1:18  Drone  
  19  1:30  Drone  
  20  1:41  Hatchery  
  20  1:45  Drone  
  20  1:52  Drone  
  21  2:00  Queen  
  23  2:02  Zergling x2  
  23  2:04  Zergling x2  
  25  2:10  Queen  
  25  2:15  Overlord  
  27  2:18  Drone  
  28  2:33  Drone x3  
  28  2:34  Drone  
  28  2:36  Queen  
  34  2:42  Overlord  
  34  2:43  Drone  
  35  2:52  Queen  
  35  2:53  Overlord  
  35  2:56  Drone  
  35  2:58  Drone  
  39  3:04  Drone x2  
  39  3:05  Drone  
  42  3:09  Drone x3  
  45  3:15  Queen  
  45  3:19  Drone x3  
  50  3:22  Drone  
  51  3:27  Overlord  
  51  3:28  Drone  
  51  3:29  Drone  
  51  3:32  Extractor x2  
  51  3:34  Roach Warren  
  51  3:38  Drone x2  
  52  3:41  Drone  
  52  3:42  Drone  
  52  3:43  Drone  
  52  3:45  Overlord  
  52  3:47  Extractor, Drone  
  55  3:49  Drone x2  
  55  3:54  Drone  
  58  3:58  Drone x2  
  60  4:03  Drone x2  
  60  4:05  Overlord  
  63  4:10  Drone  
  63  4:16  Roach x4  
  71  4:19  Roach  
  73  4:25  Roach  
  73  4:26  Roach  
  73  4:28  Roach  
  73  4:30  Drone x3  
  82  4:34  Overlord x2  
  82  4:39  Overlord  
  82  4:41  Overlord  
  82  4:42  Lair  
  82  4:49  Overlord  
  82  4:53  Drone x6, Extractor  
  82  4:57  Hatchery  
  86  5:01  Drone x2  
  86  5:02  Drone x2  
  90  5:08  Drone  
  90  5:10  Drone x2  
  90  5:11  Drone x2  
  89  5:14  Drone x2  
  89  5:15  Evolution Chamber  
  89  5:16  Evolution Chamber  
  89  5:18  Spore Crawler  
  89  5:20  Spore Crawler  
  88  5:21  Drone  
  88  5:27  Drone x2  
  88  5:28  Drone  
  91  5:29  Drone x2  
  91  5:30  Extractor  
  91  5:31  Extractor  
  91  5:34  Roach  
  93  5:40  Metabolic Boost  
  93  5:42  Zerg Melee Weapons Level 1, Glial Reconstitution, Zerg Ground Armor Level 1  
  93  5:44  Overseer  
  93  5:55  Drone, Spore Crawler  
  93  5:56  Infestation Pit, Roach x3  
  98  5:57  Drone x8  
  106  6:05  Roach x2  
  110  6:13  Roach x5  
  120  6:23  Overlord  
  120  6:25  Overlord  
  120  6:27  Overlord  
  120  6:29  Overlord  
  120  6:36  Overlord, Hatchery  
  120  6:37  Baneling Nest, Overlord  
  120  6:38  Overlord  
  118  6:42  Drone x4  
  118  6:43  Spore Crawler  
  118  6:45  Hive  
  121  6:50  Infestor x2  
  121  6:51  Drone  
  121  6:52  Drone x3  
  129  6:59  Zergling x12  
  135  7:03  Zergling x4  
  135  7:04  Ravager x3  
  135  7:05  Hatchery  
  135  7:08  Zergling x6  
  142  7:12  Ravager  
  142  7:14  Zergling x10  
  148  7:17  Zergling x2  
  148  7:22  Zergling x10  
  154  7:25  Centrifugal Hooks  
  154  7:28  Zergling x4  
  156  7:32  Zergling x2  
  156  7:33  Zergling x6  
  160  7:41  Zergling x12  
  160  7:43  Baneling x4  
  166  7:44  Drone x2  
  166  7:49  Zergling x8  
  172  7:55  Zergling x4  
  172  7:57  Adrenal Glands  
  172  7:58  Viper x2  
  172  7:59  Ultralisk Cavern, Overlord  
  172  8:03  Overlord  
  177  8:06  Overlord x2  
  177  8:12  Drone x2, Spore Crawler  
  178  8:14  Zergling x2  
  178  8:16  Overlord x2  
  178  8:17  Overlord  
  179  8:21  Zergling x18  
  179  8:24  Zerg Melee Weapons Level 2, Zerg Ground Armor Level 2  
  179  8:27  Zergling x6  
  188  8:34  Zergling x12  
  188  8:39  Zergling x8  
  198  8:44  Zergling x4  
  198  8:47  Overlord  
  199  8:51  Baneling x20  
  199  9:26  Chitinous Plating  
  199  9:28  Baneling x5  
  193  9:39  Hatchery  
  168  9:47  Ultralisk x2  
  168  9:48  Zergling x42  
  168  9:51  Zergling x2  
  168  9:52  Zergling x2  
  175  9:56  Ultralisk  
  175  9:57  Zergling x4  
  171  10:00  Drone  
  171  10:01  Drone  
  173  10:07  Zergling x2  
  173  10:08  Zergling x4  
  173  10:11  Hatchery  
  173  10:12  Drone x2  
  173  10:13  Drone x2  
  175  10:14  Pneumatized Carapace  
  175  10:15  Drone  
  175  10:19  Baneling x13  
  176  10:21  Baneling  
  176  10:23  Drone x4, Extractor x2  
  178  10:31  Zergling x16  
  178  10:32  Zergling x2  
  178  10:33  Zergling x6  
  190  10:35  Baneling x9  
  190  10:44  Baneling x6, Anabolic Synthesis  
  190  10:48  Overlord  
  190  10:49  Overlord x2  
  190  10:51  Overlord x2  
  190  10:58  Zergling x2  
  190  11:03  Zergling x6  
  194  11:08  Zerg Ground Armor Level 3, Zerg Melee Weapons Level 3  
  194  11:11  Zergling x32  
  197  11:19  Zergling x4  
  179  11:27  Zergling x22  
  179  11:30  Zergling x2  
  178  11:34  Ultralisk  
  178  11:36  Baneling x2  
  178  11:37  Baneling x7  
  178  11:39  Zergling x10  
  189  11:43  Zergling x2  
  189  11:44  Zergling x2  
  191  11:48  Zergling x8  
  191  11:54  Baneling x5  
  195  11:57  Zergling x4  
  195  11:59  Zergling x2  
  197  12:05  Zergling x8  
  198  12:10  Zergling x4  
  198  12:15  Burrow  
  191  12:18  Zergling x34  
  191  12:22  Ultralisk x2  
  197  12:23  Zergling x2  
  197  12:24  Zergling x2  
  197  12:28  Overseer  
  193  12:30  Zergling x10  
  193  12:34  Ultralisk  
  193  12:35  Zergling x2  
  180  12:38  Zergling x4  
  180  12:43  Ultralisk x2  
  180  12:47  Spire  
  180  12:49  Zergling x10  
  180  12:51  Baneling x9  
  177  12:52  Zergling x6  
  177  12:55  Drone x4  
  177  12:56  Drone  
  185  13:02  Zergling x10  
  179  13:15  Zergling x18  
  179  13:19  Baneling x14  
  188  13:20  Baneling  
  188  13:22  Zergling x2  
  188  13:23  Zergling x10  
  188  13:26  Spore Crawler  
  193  13:30  Hatchery  
  193  13:31  Zergling x2  
  193  13:35  Zergling x12  
  197  13:45  Zerg Missile Weapons Level 1  
  197  13:47  Zergling x20  
  199  13:54  Zergling x6  
  199  13:55  Zergling x2  
  199  13:58  Zergling x4  
  199  14:01  Zergling x8  
  199  14:06  Zergling x6  
  199  14:07  Corruptor  
  199  14:09  Zergling x4  
  190  14:19  Corruptor  
  190  14:20  Corruptor x12  
  190  14:22  Zergling x8  
  190  14:23  Zergling x4  
  193  14:26  Zergling x2  
  193  14:30  Zergling x2  
  191  14:33  Zergling x4  
  193  14:52  Zergling x12  
  197  14:54  Hatchery  
  197  14:55  Zergling x10  
  199  15:02  Zergling x2  
  199  15:07  Baneling x3  
  199  15:08  Baneling x9  
  199  15:10  Baneling x11  
  199  15:14  Hatchery  
  198  15:24  Baneling x4  
  198  15:26  Zergling x6  
  179  16:00  Zergling x24  
  179  16:01  Zergling x12  
  141  16:12  Zergling x2, Ultralisk x3  
  141  16:13  Zergling x4  
  154  16:21  Zergling x6  
  154  16:23  Baneling x5  
  154  16:24  Zergling x2  
  154  16:25  Zergling x2  
  177  16:31  Zergling x10  
Tags
 
Add a new tag
Caveats
  • Supply blocks, unpowered buildings, or Contaminate may cause inaccurate times.
  • Supply counts are checked every 10 seconds.